 Dungeon Crawl Stone Soup version 0.27-a0-1391-g48c30b3128 (webtiles) character file.

Game seed: 15677114196590269200

30 Nattfarinn the Stinger (level 3, 0/24 HPs)
             Began as a Merfolk Venom Mage on July 1, 2021.
             Hit by a stone thrown by a hobgoblin (2 damage)
             ... on level 1 of the Dungeon.
             The game lasted 00:04:20 (1647 turns).

Nattfarinn the Stinger (Merfolk Venom Mage)         Turns: 1647, Time: 00:04:20

Health: 0/24       AC:  2    Str:  8    XL:     3   Next: 18%
Magic:  0/6        EV: 12    Int: 15    God:
Gold:   41         SH:  0    Dex: 14    Spells: 3/6 levels left

rFire    + . .     SeeInvis .   e - staff of fire
rCold    . . .     Faith    .   (no shield)
rNeg     . . .     Spirit   .   a - +0 robe
rPois    .         Reflect  .   (no helmet)
rElec    .         Harm     .   (no cloak)
rCorr    .         Rampage  .   (no gloves)
Will     .....                  (no boots)
Stlth    ++........             (no amulet)
HPRegen  0.08/turn              (no ring)
MPRegen  0.10/turn              (no ring)

@: very slightly contaminated
A: (nimble swimmer 2), mertail
a: no special abilities


You were on level 1 of the Dungeon.
You visited 1 branch of the dungeon, and saw 2 of its levels.

You collected 41 gold pieces.

Inventory:

Hand Weapons
 b - a +0 dagger
Armour
 a - a +0 robe (worn)
 h - a +0 hat
Magical Staves
 e - a staff of fire (weapon)
Scrolls
 c - a scroll of identify {unknown}
 d - a scroll of noise {unknown}
 g - a scroll of enchant weapon {unknown}
Potions
 f - a potion of haste {unknown}


   Skills:
 - Level 2.6 Dodging
 - Level 2.1 Stealth
 + Level 2.3 Spellcasting
 * Level 3.0 Transmutations
 + Level 3.6 Poison Magic


You had 3 spell levels left.
You knew the following spells:

 Your Spells              Type           Power      Damage    Failure   Level
a - Sting                 Tmut/Pois      44%        1d5       5%          1
b - Poisonous Vapours     Pois/Air       14%        N/A       16%         2

Your spell library contained the following spells:

 Spells                   Type           Power      Damage    Failure   Level
 Ignite Poison            Fire/Tmut/Pois 12%        N/A       26%         3
 Mephitic Cloud           Conj/Pois/Air  5%         N/A       36%         3
 Confusing Touch          Hex            1%         N/A       54%         3
 Gell's Gravitas          Tloc           0%         N/A       54%         3
 Olgreb's Toxic Radiance  Pois           12%        N/A       43%         4
 Petrify                  Tmut/Erth      6%         N/A       75%         4
 Yara's Violent Unravell  Hex/Tmut       3%         3d4       97%         5
 Metabolic Englaciation   Hex/Ice        0%         N/A       99%         5


Dungeon Overview and Level Annotations

Branches:
Dungeon (2/15)

Altars:

Annotations:
D:2 Sigmund


Innate Abilities, Weirdness & Mutations

((You are quick and stealthy near water. (Stealth+, EV+, Speed+++)))
Your lower body shifts to a powerful aquatic tail in water.


Message History

You climb upwards.
There is a stone staircase leading down here.
You start resting.
Your magical contamination has completely faded away.
You start resting.
Magic restored.
You climb downwards.
Level annotation: Sigmund The kobold hits you with a +0 whip. x2
There is a stone staircase leading up here.
Casting: Poisonous Vapours (safe; 16% risk of failure)
Confirm with . or Enter, or press ? or * to list all spells.
Aiming: Poisonous Vapours (safe; 16% risk of failure)
Press: ? - help, Dir - move target, f - kobold
Aim: a kobold, wielding a +0 whip Poisonous vapours surround the kobold!
The kobold is poisoned.
The kobold hits you but does no damage.
Casting: Poisonous Vapours (safe; 16% risk of failure)
Confirm with . or Enter, or press ? or * to list all spells.
Aiming: Poisonous Vapours (safe; 16% risk of failure)
Press: ? - help, Dir - move target, f/p - kobold
Aim: a kobold, wielding a +0 whip (poisoned)
You miscast Poisonous Vapours.
You are very lightly contaminated with residual magic.
Nothing appears to happen.
The kobold closely misses you.
You kill the kobold!
The hobgoblin hits you with a +0 mace!
You climb upwards.
There is a stone staircase leading down here.
Casting: Poisonous Vapours (safe; 16% risk of failure)
Confirm with . or Enter, or press ? or * to list all spells.
Aiming: Poisonous Vapours (safe; 16% risk of failure)
Press: ? - help, Dir - move target, f - hobgoblin
Aim: a hobgoblin, wielding a +0 mace and quivering stones Poisonous vapours surround the hobgoblin!
The hobgoblin is poisoned.
The hobgoblin hits you with a +0 mace!
* * * LOW HITPOINT WARNING * * *
The hobgoblin throws a stone.
The stone barely misses you.
The hobgoblin throws a stone.
The stone hits you.
You die...

####...#.# ##....####......##
#........####.#(..#......###≈
###♣♣.P♣.......##...#...###..≈≈≈≈
...♣♣≈♣♣...#.#..............##≈#≈
##♣♣P≈♣♣##...#....##........#≈≈≈≈
♣♣≈≈♣ ♣♣...#..g..........≈≈≈≈≈
♣♣♣♣♣.♣♣♣♣♣♣(.##>#..#.......##≈#≈
♣≈♣≈≈≈≈♣P..♣.......#...####..#≈≈≈
≈≈≈≈≈≈≈≈≈≈≈.....@.......###(.##≈≈
♣≈≈P≈≈.♣♣≈♣≈..#.....#....##.)..##
♣♣♣♣♣.P♣♣♣♣♣..#...........[......
♣♣≈♣♣ ###..#....##............
♣P.P♣ #.........##...#........
♣♣≈♣♣ #.###.....##...#...#....
#♣P.♣♣##.###.....####.##.......
#................####.....#.♣♣≈
###.##.###..##.....#........≈≈≈≈≈


You could see a hobgoblin (poisoned).

Vanquished Creatures
  A gnoll (D:2)
  A worm (D:2)
  2 bats (D:1)
  2 endoplasms (D:1)
  A goblin (D:1)
  A hobgoblin (D:2)
  2 jackals (D:1)
  3 quokkas
  3 kobolds
16 creatures vanquished.

Vanquished Creatures (others)
  A plant (D:1)
1 creature vanquished.

Grand Total: 17 creatures vanquished

Notes
Turn   | Place    | Note
-------+----------+-------------------------------------------
     0 | D:1      | Nattfarinn the Merfolk Venom Mage began the quest for the
                  | Orb.
     0 | D:1      | Reached XP level 1. HP: 13/13 MP: 3/3
   269 | D:1      | Reached XP level 2. HP: 13/19 MP: 0/5
   509 | D:1      | Found a faded altar of an unknown god.
  1081 | D:2      | Noticed Sigmund
  1441 | D:2      | Learned a level 2 spell: Poisonous Vapours
  1457 | D:2      | Reached XP level 3. HP: 24/24 MP: 0/6
  1647 | D:1      | Hit by a stone thrown by a hobgoblin

Illustrated notes

Levels and vault maps discovered:
D:1:      amcnicky_arrival_gap_in_the_tavern_cellar, layout_rooms,
          shapermc_ecumenical_altar_mp_urbaneastern, serial_bayou,
          serial_bayou_ford_a, serial_bayou_lagoon_a, serial_bayou_pond_a,
          serial_bayou_crossing, serial_bayou_pond_c, chequers_avenue,
          minivault_4
D:2:      layout_loops_ring, uniq_sigmund, uniq_crazy_yiuf_cottage

Skill      XL: |  1  2 |
---------------+-------+-----
Transmutations | 2 3 |  3.0
Dodging        | |  2.6
Stealth        | |  2.1
Spellcasting   | |  2.3
Poison Magic   | |  3.6

Action                   || total
-------------------------++-------
Melee: Dagger            ||    10
       Tailslap          ||     1
       Staff             ||    13
 Cast: Sting             ||    26
       Poisonous Vapours ||     9
Armor: Robe              ||     9
Dodge: Dodged            ||    32

Table legend: (Time is in decaauts)
 A = Elapsed time spent in this place.
 B = Non-inter-level travel time spent in this place.
 C = Inter-level travel time spent in this place.
 D = Time resting spent in this place.
 E = Time spent auto-exploring this place.
 F = Levels seen in this place.
 G = Mean time per level.
                   A        B        C        D        E       F      G
               +--------+--------+--------+--------+--------+-----+--------+
         Total |   1608 |   1560 |     48 |    538 |    829 |   2 |  804.0 |
       Dungeon |   1608 |   1560 |     48 |    538 |    829 |   2 |  804.0 |
               +--------+--------+--------+--------+--------+-----+--------+

Top non-repeatable levels by time:
     D:1: 1259 daAuts
     D:2: 348 daAuts
